 Dungeon Crawl Stone Soup version 0.25-a0-474-ga8a2ee3166 (webtiles) character file.

Game seed: 3027049288712867270, levelgen mode: deterministic

767 sinfaroth the Skirmisher (level 7, 0/67 HPs)
             Began as a Pale Draconian Berserker on Feb 6, 2020.
             Was a Believer of Trog.
             Succumbed to a worker ant's poison
             ... on level 5 of the Dungeon on Feb 7, 2020.
             The game lasted 00:32:37 (2477 turns).

sinfaroth the Skirmisher (Pale Draconian Berserker) Turns: 2477, Time: 00:32:38

Health: 0/67       AC:  6    Str: 21    XL:     7   Next: 52%
Magic:  7/7        EV: 14    Int:  8    God:    Trog [**....]
Gold:   71         SH:  0    Dex: 10    Spells: 6/6 levels left

rFire    . . .     SeeInvis .   i - +0 battleaxe
rCold    . . .     Gourm    .   (shield currently unavailable)
rNeg     . . .     Faith    .   (armour unavailable)
rPois    .         Spirit   .   (helmet restricted)
rElec    .         Reflect  .   (no cloak)
rCorr    .         Harm     .   (no gloves)
MR       .....                  (no boots)
Stlth    +.........             (no amulet)
HPRegen  0.21/turn              (no ring)
MPRegen  0.10/turn              (no ring)

@: lethally poisoned (0 -> -1), lightly drained
A: breathe steam, unfitting armour, cold-blooded, AC +6
a: Breathe Steam, Berserk, Trog's Hand, Renounce Religion


You were on level 5 of the Dungeon.
You worshipped Trog.
Trog was pleased with you.
You were near starving.

You visited 1 branch of the dungeon, and saw 5 of its levels.

You collected 71 gold pieces.

Inventory:

Hand Weapons
 a - a +0 spear
 c - a +0 hunting sling
 g - a +1 vampiric hand axe
 i - a +0 battleaxe (weapon)
 j - a +0 flail
 k - a +0 mace
 r - a +0 shortbow
Missiles
 h - 88 stones (quivered)
 s - 47 arrows
Armour
 v - a +0 buckler
Wands
 e - a wand of random effects (14)
 t - a wand of clouds (5)
 u - a wand of paralysis (4)
Scrolls
 l - 2 scrolls of identify {unknown}
 o - a scroll of remove curse {unknown}
 p - a scroll of amnesia {unknown}
Potions
 d - a potion of magic {unknown}
 f - a potion of cancellation {unknown}
 m - a potion of resistance {unknown}
 n - a potion of lignification {unknown}
 q - a potion of heal wounds {unknown}
Comestibles
 b - a ration


   Skills:
 * Level 7.7(7.4) Fighting
 - Level 3.5(3.3) Polearms
 + Level 5.4(5.1) Dodging


You had 6 spell levels left.
You didn't know any spells.
Your spell library was empty.

Dungeon Overview and Level Annotations

Branches:
Dungeon (5/15)
 Temple: D:4-7

Altars:


Innate Abilities, Weirdness & Mutations

You can breathe blasts of scalding, opaque steam.
Your pale cyan-grey scales are hard. (AC +6)
You cannot fit into any form of body armour.
You are cold-blooded and may be slowed by cold attacks.


Message History

You destroy the wight!
Trog accepts your kill.
You slash the wight!
You destroy the wight!
Trog accepts your kill.
You feel sick. The wight closely misses you. The hound misses you.
The wight hits you from afar with a +2 halberd!
* * * LOW HITPOINT WARNING * * *
You feel drained.
* * * LOW HITPOINT WARNING * * *
The hound closely misses you.
You slash the hound!
The hound is severely wounded.
The hound bites you.
* * * LOW HITPOINT WARNING * * *
The hound bites you but does no damage. The wight barely misses you.
You slash the hound!
You kill the hound!
Trog accepts your kill.
You die...

.. ..# .<# .##
#.# #...# ..#
#..#
#.....###.#
###..# #...
.....# #....#
#..#
##..###....#
..##........#
#.#..#....##
#)@.#####.....
#)### ##.#..#
..z ....#
..... .....#
...#... ...#..
.# ##.. ....
... ...


You could see a wight.

Vanquished Creatures
  3 ogres
  A centaur (D:4)
  A scorpion (D:4)
  4 wights (D:5)
  A hound (D:5)
  An orc priest (D:4)
  2 bullfrog skeletons (D:4)
  Terence (D:2)
  A worker ant (D:5)
  Robin (D:4)
  2 adders
  An adder skeleton (D:5)
  A leopard gecko (D:4)
  5 orcs
  2 ball pythons
  A giant cockroach (D:3)
  11 goblins
  4 hobgoblins
  4 jackals (D:1)
  A quokka (D:4)
  4 bats (D:1)
  3 rats
55 creatures vanquished.

Notes
Turn   | Place    | Note
-------+----------+-------------------------------------------
     0 | D:1      | sinfaroth the Draconian Berserker began the quest for the
                  | Orb.
     0 | D:1      | Reached XP level 1. HP: 19/19 MP: 1/1
   371 | D:1      | Reached XP level 2. HP: 26/26 MP: 2/2
   512 | D:2      | Noticed Terence
   743 | D:2      | Killed Terence
   743 | D:2      | Reached XP level 3. HP: 25/33 MP: 3/3
  1105 | D:4      | Noticed an ogre
  1117 | D:3      | Killed an ogre
  1117 | D:3      | Reached skill level 4 in Fighting
  1117 | D:3      | Reached XP level 4. HP: 8/41 MP: 4/4
  1509 | D:4      | Reached skill level 5 in Fighting
  1509 | D:4      | Reached XP level 5. HP: 19/48 MP: 5/5
  1678 | D:4      | Noticed an ogre
  1688 | D:4      | Killed an ogre
  1688 | D:4      | Reached XP level 6. HP: 57/57 MP: 6/6
  1731 | D:4      | Reached skill level 6 in Fighting
  1738 | D:4      | Reached ** piety under Trog
  1773 | D:4      | Upgraded the game from 0.25-a0-471-g78e40d7af6 to
                  | 0.25-a0-474-ga8a2ee3166
  1838 | D:4      | Noticed Robin
  1854 | D:4      | Killed Robin
  1869 | D:4      | Reached skill level 7 in Fighting
  1869 | D:4      | Reached skill level 5 in Dodging
  1869 | D:4      | Your scales start taking on a pale cyan-grey colour.
  1869 | D:4      | Reached XP level 7. HP: 13/66 MP: 7/7
  2455 | D:5      | Entered Level 5 of the Dungeon
  2475 | D:5      | HP: 3/66 [wight/+2 halberd (9)]
  2475 | D:5      | HP: 1/66 [wight/+2 halberd (2)]
  2477 | D:5      | Succumbed to a worker ant's poison

Levels and vault maps discovered:
D:1:      nagdon_arrival_zigzag_paths, layout_basic, minmay_misc_feat_plants,
          minmay_cut_off
D:2:      layout_basic, lemuel_crystal_altar, uniq_terence
D:3:      layout_basic, lemuel_doored_altar, ashenzari_altar_1
D:4:      layout_rooms, fedhas_bush_and_centaur_altar, saegor_snake_ambush,
          uniq_robin
D:5:      layout_cave_pools, gammafunk_ghost_hive, serial_column_ruins,
          column_ruins_open_medium_water, column_ruins_corridor_corner,
          column_ruins_open_tiny, column_ruins_grid_1,
          column_ruins_columns_straight, serial_shops, nicolae_shop_statue_plus,
          first_ration

Skill      XL: |  1  2  3  4  5  6 |
---------------+-------------------+-----
Dodging        | 3 4 5 |  5.4
Fighting       | 4 5 7 |  7.7
Polearms       | |  3.5

Action                   |  1- 3 |  4- 6 |  7- 9 || total
-------------------------+-------+-------+-------++-------
Melee: Spear             |    51 |       |       ||    51
       Tailslap          |     7 |     5 |     2 ||    14
       Battleaxe         |     5 |    72 |    14 ||    91
       Hand axe          |     1 |       |       ||     1
Invok: Berserk           |     2 |     3 |       ||     5
 Abil: Breathe Steam     |       |       |     1 ||     1
  Eat: Chunk             |       |     7 |     1 ||     8
Armor: Skin              |    15 |    22 |    10 ||    47
Dodge: Dodged            |    42 |    64 |    33 ||   139

Table legend:
 A = Non-vault XP
 B = Vault XP
 C = Vault XP percentage of total XP
 D = Non-vault monster count
 E = Vault monster count
 F = Vault count percentage of total count
                 A         B        C        D         E       F
            +---------+---------+-------+---------+---------+-------
      Total |     924 |     173 |  15.8 |      42 |      13 |  23.6
            +---------+---------+-------+---------+---------+-------
        D:1 |      15 |       0 |   0.0 |      10 |       0 |   0.0
        D:2 |      13 |      36 |  73.5 |       1 |       1 |  50.0
        D:3 |     130 |       0 |   0.0 |      10 |       0 |   0.0
        D:4 |     455 |     137 |  23.1 |      14 |      12 |  46.2
        D:5 |     311 |       0 |   0.0 |       7 |       0 |   0.0
            +---------+---------+-------+---------+---------+-------
